 Dungeon Crawl Stone Soup version 0.30.0-29-ga12c61a403 (webtiles) character file.

Game seed: 13886383819522320719

72 McKennaii the Conjurer (level 3, -10/26 HPs)
             Began as a Demigod Conjurer on June 5, 2023.
             Killed by nerve-wracking pain
             ... invoked by Grinder
              (12 damage)
             ... on level 3 of the Dungeon.
             The game lasted 00:01:06 (2287 turns).

McKennaii the Conjurer (Demigod Conjurer)           Turns: 2287, Time: 00:01:07

Health: -10/26     AC:  2    Str:  7    XL:     3   Next: 82%
Magic:  9/18       EV: 12    Int: 28    God:
Gold:   169        SH:  0    Dex:  9    Spells: 3/6 levels left

rFire   . . .        (no weapon)
rCold   . . .        (no shield)
rNeg    . . .        a - +0 robe
rPois   .            (no helmet)
rElec   .            (no cloak)
rCorr   .            (no gloves)
SInv    .            (no boots)
Will    .....        (no amulet)
Stlth   ++           e - ring of magical power
HPRegen 0.24/turn    (no ring)
MPRegen 0.16/turn

%: clarity
@: very slightly contaminated, hasted, very quick
A: high MP 1, forlorn, divine attributes, clarity, clever 1, clumsy 1
a: no special abilities


You were on level 3 of the Dungeon.
You visited 1 branch of the dungeon, and saw 3 of its levels.

You collected 169 gold pieces.

Inventory:

Armour
 a - a +0 robe (worn)
Jewellery
 c - a ring of fire
 e - a ring of magical power (left hand)
Scrolls
 d - 2 scrolls of identify {unknown}
 f - a scroll of vulnerability {unknown}
 h - 3 scrolls of teleportation {unknown}
 i - 2 scrolls of blinking {unknown}
 l - a scroll of silence {unknown}
 o - a scroll of noise {unknown}
 p - a scroll of fear {unknown}
Potions
 b - 2 potions of magic
 g - a potion of brilliance {unknown}
 j - a potion of haste
 k - a potion of attraction {unknown}
 m - a potion of mutation
 n - a potion of heal wounds {unknown}
 q - a potion of cancellation {unknown}


   Skills:
 + Level 2.4 Dodging
 + Level 2.5 Stealth
 + Level 2.3 Spellcasting
 + Level 4.0 Conjurations


You had 3 spell levels left.
You knew the following spells:

 Your Spells              Type           Power      Damage    Failure   Level
a - Magic Dart            Conj           100%       1d8       1%          1
b - Searing Ray           Conj           52%        2d6       2%          2

Your spell library contained the following spells:

 Spells                   Type           Power      Damage    Failure   Level
 Dazzling Flash           Conj/Hex       28%        N/A       12%         3
 Call Imp                 Summ           6%         N/A       13%         2
 Scorch                   Fire           6%         2d5       13%         2
 Mephitic Cloud           Conj/Pois/Air  10%        N/A       16%         3
 Flame Wave               Conj/Fire      14%        2d6       36%         4
 Fulminant Prism          Conj/Hex       7%         3d7       36%         4
 Iskenderun's Mystic Bla  Conj/Tloc      14%        2d5       36%         4
 Summon Cactus Giant      Summ           1%         N/A       100%        6


Dungeon Overview and Level Annotations

Branches:
Dungeon (3/15)

Annotations:
D:3 Grinder


Innate Abilities, Weirdness & Mutations

You have an increased reservoir of magic. (+10% MP)
You shall have no god before yourself.
Your divine heritage dramatically boosts your attributes as you level up.
You possess an exceptional clarity of mind.
Your mind is acute. (Int +4, Str/Dex -1)
You are clumsy. (Dex -2)


Message History

Grinder says, "You look like you could use a good racking."
Casting: Magic Dart (safe; 2% risk of failure)
Confirm with . or Enter, or press ? or * to list all spells.
Aiming: Searing Ray (safe; 3% risk of failure)
Press: ? - help, Shift-Dir - straight line, f/p - Grinder
Aim: Grinder (lightly wounded, 75% to hit)
You miscast Searing Ray.
Nothing appears to happen.
Unknown command.
A kobold comes into view. It is wielding a +0 short sword.
Grinder gestures at you. Pain shoots through your body!
Unknown command.
Casting: Searing Ray (safe; 3% risk of failure)
Confirm with . or Enter, or press ? or * to list all spells.
Aiming: Searing Ray (safe; 3% risk of failure)
Press: ? - help, Shift-Dir - straight line, f/p - Grinder
Aim: Grinder (lightly wounded, 75% to hit)
The searing ray hits Grinder!
Grinder is moderately wounded. (Press . to maintain the ray.) Grinder barely misses you.
The searing ray misses Grinder.
Grinder hits you!
You writhe in agony.
* * * LOW HITPOINT WARNING * * *
Unknown command.
The searing ray misses Grinder.
Grinder hits you.
* * * LOW HITPOINT WARNING * * *
You writhe in agony.
* * * LOW HITPOINT WARNING * * *
Unknown command.
The searing ray hits Grinder.
Grinder is heavily wounded.
You finish channelling your searing ray.
Grinder closely misses you.
Unknown command.
It was a potion of haste.
You feel yourself speed up. Grinder misses you.
It was a potion of mutation.
You feel extremely strange.
You feel clumsy.
You feel clever.
Your thoughts seem clearer.
Grinder gestures at you. Pain shoots through your body!
You die...

#........
..............
#....)...†....
#............. #
#.............
#.##.............
#...5.........P..
####..........P..
#..@.....<.P.....
#†###....P.P..P.§
#.# ##......§P_P.
#.# ##...P...§..
#.# ##.....§P..
#.# #....PP§P.
#.# #.#^..P...
#.# #.##......
#.#


You could see Grinder.

Vanquished Creatures
  2 adders (D:2)
  2 dart slugs
  6 ball pythons
  6 bats
  2 endoplasms (D:1)
  6 giant cockroaches (D:2)
  6 hobgoblins (D:1)
  2 kobolds (D:1)
  4 quokkas
  3 frilled lizards (D:1)
  6 rats
45 creatures vanquished.

Notes
Turn   | Place    | Note
-------+----------+-------------------------------------------
     0 | D:1      | McKennaii the Demigod Conjurer began the quest for the Orb.
     0 | D:1      | Reached XP level 1. HP: 14/14 MP: 5/5
   463 | D:1      | Reached XP level 2. HP: 20/20 MP: 2/7
  1140 | D:1      | Learned a level 2 spell: Searing Ray
  1456 | D:2      | Reached XP level 3. HP: 26/26 MP: 8/8
  1810 | D:2      | Reached skill level 4 in Conjurations
  2275 | D:3      | Noticed Grinder
  2283 | D:3      | HP: 1/26 [Grinder (6)]
  2287 | D:3      | Gained mutation: You are clumsy. (Dex -2) [potion of
                  | mutation]
  2287 | D:3      | Gained mutation: Your mind is acute. (Int +4, Str/Dex -1)
                  | [potion of mutation]
  2287 | D:3      | Gained mutation: You possess an exceptional clarity of
                  | mind. [potion of mutation]
  2287 | D:3      | Killed from afar by Grinder

Illustrated notes

Levels and vault maps discovered:
D:1:      eino_arrival_water_cross, layout_loops_corners, minmay_distorted
D:2:      layout_basic, kennysheep_decorative_pillar, minmay_circle_x
D:3:      layout_basic, tgw_xom, amethyst_overflow_temple_binary,
          nicolae_hepliaklqana_hazy_memory, corexii_shack, uniq_robin,
          uniq_grinder

Skill      XL: |  1  2  3 |
---------------+----------+-----
Stealth        | 2 |  2.5
Dodging        | 2 |  2.4
Spellcasting   | 2 |  2.3
Conjurations   | 4 |  4.0

Action                     || total
---------------------------++-------
  Melee: Unarmed           ||    33
   Cast: Magic Dart        ||    97
         Searing Ray       ||     1
    Use: Potion            ||     2
 Armour: Robe              ||    13
  Dodge: Dodged            ||    52
